 Dungeon Crawl Stone Soup version 0.28.0-45-g0d030f2227 (webtiles) character file.

Game seed: 4506172321897978530

837 Icepheonix32 the Covered (level 7, -11/50 (54) HPs)
             Began as a Demonspawn Fighter on Apr 10, 2022.
             Mangled by a wight
             ... wielding a +4 battleaxe
              (14 damage)
             ... on level 4 of the Dungeon.
             The game lasted 00:06:06 (4914 turns).

Icepheonix32 the Covered (Demonspawn Fighter)       Turns: 4914, Time: 00:06:07

HP:   -11/50 (54)   AC:  7    Str: 18    XL:     7   Next: 66%
MP:   0/7           EV: 10    Int:  9    God:
Gold: 207           SH:  5    Dex: 13    Spells: 6/6 levels left

rFire   . . .      SeeInvis .   i - +1 dagger (elec)
rCold   . . .      Faith    .   c - +0 buckler
rNeg    . . .      Spirit   +   b - +0 scale mail
rPois   .          Reflect  .   (no helmet)
rElec   .          Harm     .   (no cloak)
rCorr   .          Rampage  .   (no gloves)
Will    .....                   (no boots)
Stlth   ..........              s - amulet of guardian spirit
HPRegen 0.16/turn               (no ring)
MPRegen 0.10/turn               (no ring)

@: brilliant, drained
A: powered by death 2, weakness stinger 1
a: no special abilities


You were on level 4 of the Dungeon.
You visited 2 branches of the dungeon, and saw 6 of its levels.

You collected 207 gold pieces.

Inventory:

Hand Weapons
 a - a +0 long sword
 i - a +1 dagger of electrocution (weapon)
Missiles
 k - 2 poisoned darts (quivered)
Armour
 b - a +0 scale mail (worn)
 c - a +0 buckler (worn)
 q - a +0 plate armour
Jewellery
 s - an amulet of guardian spirit (around neck)
Wands
 d - a wand of flame (19)
Scrolls
 e - a scroll of noise {unknown}
 f - 2 scrolls of immolation {unknown}
 g - a scroll of magic mapping {unknown}
 h - 2 scrolls of blinking {unknown}
 o - a scroll of identify {unknown}
 p - a scroll of fog {unknown}
 r - a scroll of teleportation {unknown}
 t - 2 scrolls of enchant weapon {unknown}


   Skills:
 + Level 4.0 Fighting
 + Level 3.3(3.7) Short Blades
 - Level 2.1(3.1) Long Blades
 + Level 0.8 Throwing
 + Level 5.5 Armour
 + Level 2.2 Dodging
 + Level 0.8 Stealth
 + Level 4.0 Shields


You had 6 spell levels left.
You didn't know any spells.
Your spell library was empty.

Dungeon Overview and Level Annotations

Branches:
Dungeon (5/15)             Temple (1/1) D:4

Altars:
Ashenzari
Cheibriados
Dithmenos
Gozag
Hepliaklqana
Kikubaaqudgha
Nemelex Xobeh
Sif Muna
Trog
Uskayaw
Vehumet
Wu Jian
Yredelemnul
Zin


Innate Abilities, Weirdness & Mutations

You regenerate health from kills.
You have a small tail.


Message History

You barely miss the wight.
The wight is almost destroyed.
The wight barely misses you. The wight closely misses you.
Unknown command.
You closely miss the wight.
The wight is almost destroyed.
The wight closely misses you. x2
Unknown command.
You hit the wight but do no damage. Lightning courses through the wight!
You destroy the wight!
The wight misses you.
Your Shields skill increases to level 4!
Unknown command.
The wight hits you with a +4 battleaxe!
You climb upwards.
Reactivating autopickup.
There is a stone staircase leading down here.
You closely miss the wight. The wight hits you with a +4 battleaxe!
You feel drained.
You hit the wight but do no damage. Lightning courses through the wight!
Your tail-slap misses the wight.
The wight is heavily damaged.
The wight barely misses you.
You hit the wight but do no damage.
The wight is heavily damaged.
You hit the wight.
The wight is heavily damaged.
The wight hits you with a +4 battleaxe.
You feel drained.
You closely miss the wight.
You tail-slap the wight, but do no damage.
The wight is heavily damaged.
The wight hits you with a +4 battleaxe!
* * * LOW HITPOINT WARNING * * *
Unknown command.
Things that are here:
a +0 robe; a +0 short sword It was a potion of brilliance.
You feel clever all of a sudden. The wight hits you with a +4 battleaxe!
You die...

....###.## ...## #.# #..#
#.# #รท.# #.# ...####.#
.....)..# ...######
######### ..##
#####.......# #.#
#.@z).......# #.#
#####)###.####..#######
#.#
####.....................#
#.##
#.....<..###.####..#####.#
...# #..#.##...)..####..#
#.# ...#
#..#.##..###.......# #.#
...# #..#..#..# #########
#.. ...# #..##)#..#
####### ##.
...#####..##)#..#
#.....########.


You could see a wight.

Vanquished Creatures
  Sigmund (D:4)
  An ogre (D:4)
  A phantom (D:4)
  A bullfrog (D:4)
  A scorpion (D:3)
  3 wights
  A howler monkey (D:4)
  A centaur zombie (D:5)
  A gnoll shaman (D:4)
  A hound skeleton (D:4)
  2 adders (D:2)
  5 gnolls (D:4)
  A howler monkey skeleton (D:5)
  A worm (D:4)
  13 orcs
  7 endoplasms
  5 giant cockroaches
  7 goblins
  A hobgoblin (D:1)
  2 jackals (D:1)
  4 quokkas
  5 ball pythons
  7 bats
  2 frilled lizards
  6 kobolds
  3 rats
83 creatures vanquished.

Notes
Turn   | Place    | Note
-------+----------+-------------------------------------------
     0 | D:1      | Icepheonix32 the Demonspawn Fighter began the quest for the
                  | Orb.
     0 | D:1      | Reached XP level 1. HP: 18/18 MP: 1/1
   303 | D:1      | Gained mutation: You regenerate a little health from kills.
                  | [demonic ancestry]
   303 | D:1      | Reached XP level 2. HP: 24/24 MP: 2/2
   658 | D:1      | You fall into a shaft and drop 1 floor!
   783 | D:2      | Reached skill level 3 in Armour
   803 | D:2      | Reached XP level 3. HP: 22/29 MP: 3/3
  1814 | D:3      | Gained mutation: You have a small tail. [demonic ancestry]
  1814 | D:3      | Reached XP level 4. HP: 26/35 MP: 4/4
  2201 | D:3      | Found a sparkling altar of Nemelex Xobeh.
  2478 | D:4      | Noticed a bullfrog
  2481 | D:4      | Noticed Sigmund
  2490 | D:4      | Killed a bullfrog
  2491 | D:4      | Reached skill level 1 in Short Blades
  2491 | D:4      | Reached skill level 1 in Dodging
  2491 | D:4      | Reached XP level 5. HP: 20/41 MP: 1/5
  2496 | D:4      | Killed Sigmund
  2497 | D:4      | Reached skill level 4 in Armour
  2497 | D:4      | Reached XP level 6. HP: 18/47 MP: 1/6
  3477 | D:4      | Reached skill level 5 in Armour
  3477 | D:4      | Gained mutation: You regenerate health from kills. [demonic
                  | ancestry]
  3477 | D:4      | Reached XP level 7. HP: 36/53 MP: 5/7
  3629 | D:4      | Found a staircase to the Ecumenical Temple.
  3636 | Temple   | Entered the Ecumenical Temple
  4336 | D:5      | Entered Level 5 of the Dungeon
  4475 | D:5      | Identified the +1 scale mail "Amumeoh" {rC+ Int+3}
  4914 | D:4      | Mangled by a wight

Illustrated notes

Levels and vault maps discovered:
D:1:      zaba_arrival_water, layout_rooms, minmay_cupped
D:2:      layout_basic, serial_rivers, chequers_serial_rivers_micro_c,
          chequers_serial_rivers_micro_d, chequers_serial_rivers_large_b,
          chequers_serial_rivers_micro_e
D:3:      layout_basic, chequers_temple_overflow_statue_of_worship,
          dk_noncrumbling_3
D:4:      layout_loops_cross, temple_statues, corner_web_ring, uniq_sigmund
D:5:      gammafunk_cloud_chamber, layout_rooms, mainiacjoe_overflow_alcove_2
Temple:   minmay_temple_forest_path

Skill      XL: |  1  2  3  4  5  6  7 |
---------------+----------------------+-----
Shields        | 3 4 |  4.0
Long Blades    | 2 |  2.1
Armour         | 3 4 5 |  5.5
Short Blades   | 1 2 3 |  3.3
Dodging        | 1 2 |  2.2
Fighting       | 4 |  4.0
Throwing       | |  0.8
Stealth        | |  0.8

Action                   |  1- 3 |  4- 6 |  7- 9 || total
-------------------------+-------+-------+-------++-------
Melee: Long sword        |    68 |       |       ||    68
       Dagger            |    58 |   102 |   120 ||   280
       Tailslap          |       |    16 |    15 ||    31
Throw: Dart              |       |     4 |     2 ||     6
  Use: Potion            |       |     2 |     4 ||     6
Armor: Scale mail        |    58 |    18 |    29 ||   105
Dodge: Dodged            |    40 |    30 |    49 ||   119
Block: Buckler           |    25 |    20 |    24 ||    69
